PL
PHOENIX HOTSPUR @ BROOKLYN DODGERS
07/28/2029
 
TOP OF THE 1ST
Phoenix Hotspur batting - Pitching for Brooklyn Dodgers : RHP Jesús Acosta
Pitching: RHP Jesús Acosta
Batting: RHB Roland Deschain 0-0: TRIPLE (Flyball, 78XD)
Batting: RHB Kyle Bywaters 0-0: Called Strike
0-1: Ball
1-1: Ground out 6-3 (Groundball, 6)
Roland Deschain scores
Batting: LHB Francisco García 0-0: Foul Ball, location: 2F
0-1: Ball
1-1: Ball
2-1: SINGLE (Groundball, 6MD) (infield hit)
Batting: LHB Mario Cruz 0-0: Called Strike
Francisco García steals 2nd base
0-1: Ground out 5-3 (Groundball, 56)
Batting: RHB Randy Rehling 0-0: Ball
1-0: Foul Ball, location: 2F
1-1: Ball
2-1: Ground out 6-3 (Groundball, 6)
Top of the 1st over - 1 run, 2 hits, 0 errors, 1 left on base; Phoenix 1 - Brooklyn 0
BOTTOM OF THE 1ST
Brooklyn Dodgers batting - Pitching for Phoenix Hotspur : RHP Jaime van de Weideven
Pitching: RHP Jaime van de Weideven
Batting: LHB Ki-tak Im 0-0: Ground out U3 (Groundball, 34)
Batting: LHB Mysterious Walker 0-0: Ball
1-0: Ground out U3 (Groundball, 3)
Batting: LHB Jérôme Masson 0-0: Ball
1-0: Called Strike
1-1: Ball
2-1: Foul Ball, location: 2F
2-2: Strikes out swinging
Bottom of the 1st over - 0 runs, 0 hits, 0 errors, 0 left on base; Phoenix 1 - Brooklyn 0
TOP OF THE 2ND
Phoenix Hotspur batting - Pitching for Brooklyn Dodgers : RHP Jesús Acosta
Batting: LHB Wagaw Lukongolo 0-0: Called Strike
0-1: Foul Ball, location: 2F
0-2: Strikes out swinging
Batting: RHB Ted Cook 0-0: Ball
1-0: Fly out, F6 (Popup, P)
Batting: LHB Shojiro Ueda 0-0: Ground out 6-3 (Groundball, 6M)
Top of the 2nd over - 0 runs, 0 hits, 0 errors, 0 left on base; Phoenix 1 - Brooklyn 0
BOTTOM OF THE 2ND
Brooklyn Dodgers batting - Pitching for Phoenix Hotspur : RHP Jaime van de Weideven
Batting: LHB Manuel Carmona 0-0: Ground out 6-3 (Groundball, 56)
Batting: RHB Brent Ryan 0-0: Ball
1-0: Ball
2-0: Ball
3-0: Called Strike
3-1: Foul Ball, location: 2F
3-2: Fly out, F8 (Line Drive, 8LD)
Batting: RHB Ulbert Sutkamp 0-0: Fly out, F7 (Flyball, 7D)
Bottom of the 2nd over - 0 runs, 0 hits, 0 errors, 0 left on base; Phoenix 1 - Brooklyn 0
TOP OF THE 3RD
Phoenix Hotspur batting - Pitching for Brooklyn Dodgers : RHP Jesús Acosta
Batting: RHB Pierre Bernard 0-0: Fly out, F4 (Line Drive, 4MD)
Batting: RHB Roland Deschain 0-0: Foul Ball, location: 2F
0-1: Ball
1-1: Swinging Strike
1-2: Fly out, F9 (Flyball, 89S)
Batting: RHB Kyle Bywaters 0-0: Ball
1-0: Foul Ball, location: 2F
1-1: Fly out, F9 (Flyball, 9LSF)
Top of the 3rd over - 0 runs, 0 hits, 0 errors, 0 left on base; Phoenix 1 - Brooklyn 0
BOTTOM OF THE 3RD
Brooklyn Dodgers batting - Pitching for Phoenix Hotspur : RHP Jaime van de Weideven
Batting: SHB Juan Rivas 0-0: SINGLE (Line Drive, 9S)
Batting: RHB Ethan Miller 0-0: Called Strike
0-1: Foul Ball, location: 2F
0-2: Ball
1-2: Foul Ball, location: 2F
1-2: Ball
2-2: Foul Ball, location: 2F
2-2: Foul Ball, location: 2F
2-2: Fly out, F9 (Flyball, 9D)
Batting: RHB Vincent Crane 0-0: Ball
1-0: Ball
2-0: Foul Ball, location: 2F
2-1: Foul Ball, location: 2F
2-2: Strikes out swinging
Batting: LHB Ki-tak Im 0-0: Ball
1-0: Swinging Strike
1-1: SINGLE (Groundball, 56D)
Juan Rivas to second
Batting: LHB Mysterious Walker 0-0: Ball
1-0: Fly out, F9 (Line Drive, 89S)
Bottom of the 3rd over - 0 runs, 2 hits, 0 errors, 2 left on base; Phoenix 1 - Brooklyn 0
TOP OF THE 4TH
Phoenix Hotspur batting - Pitching for Brooklyn Dodgers : RHP Jesús Acosta
Batting: LHB Francisco García 0-0: Foul Ball, location: 2F
0-1: Swinging Strike
0-2: SINGLE (Line Drive, 89S)
Batting: LHB Mario Cruz 0-0: Called Strike
Francisco García steals 2nd base
0-1: Called Strike
0-2: Strikes out looking
Batting: RHB Randy Rehling 0-0: Ball
1-0: Called Strike
1-1: Ball
2-1: Foul Ball, location: 2F
2-2: SINGLE (Line Drive, 56)
Francisco García to third
Runner from 3rd tries for Home, SAFE, no throw
Batting: LHB Wagaw Lukongolo 0-0: Ball
1-0: Called Strike
1-1: Called Strike
1-2: Foul Ball, location: 2F
1-2: Strikes out looking
Batting: RHB Ted Cook 0-0: Swinging Strike
0-1: Called Strike
0-2: Foul Ball, location: 2F
0-2: Fly out, F8 (Flyball, 8LM)
Top of the 4th over - 1 run, 2 hits, 0 errors, 1 left on base; Phoenix 2 - Brooklyn 0
BOTTOM OF THE 4TH
Brooklyn Dodgers batting - Pitching for Phoenix Hotspur : RHP Jaime van de Weideven
Batting: LHB Jérôme Masson 0-0: Called Strike
0-1: Ball
1-1: Ball
2-1: Foul Ball, location: 2F
2-2: Strikes out swinging
Batting: LHB Manuel Carmona 0-0: Called Strike
0-1: Called Strike
0-2: Ground out U3 (Groundball, 3)
Batting: RHB Brent Ryan 0-0: Ball
1-0: Ball
2-0: Ball
3-0: Called Strike
3-1: Called Strike
3-2: Strikes out swinging
Bottom of the 4th over - 0 runs, 0 hits, 0 errors, 0 left on base; Phoenix 2 - Brooklyn 0
TOP OF THE 5TH
Phoenix Hotspur batting - Pitching for Brooklyn Dodgers : RHP Jesús Acosta
Batting: LHB Shojiro Ueda 0-0: Foul Ball, location: 2F
0-1: Foul Ball, location: 2F
0-2: Ball
1-2: Ball
2-2: SINGLE (Flyball, 7S)
Batting: RHB Pierre Bernard 0-0: Bunted foul
0-1: Sac Bunt - play at first, batter OUT! 1-4
Shojiro Ueda to second
Batting: RHB Roland Deschain 0-0: Ball
1-0: Called Strike
1-1: Fly out, F7 (Flyball, 78D)
Batting: RHB Kyle Bywaters 0-0: Called Strike
0-1: Ball
1-1: Ball
2-1: Ground out 5-3 (Groundball, 5)
Top of the 5th over - 0 runs, 1 hit, 0 errors, 1 left on base; Phoenix 2 - Brooklyn 0
BOTTOM OF THE 5TH
Brooklyn Dodgers batting - Pitching for Phoenix Hotspur : RHP Jaime van de Weideven
Batting: RHB Ulbert Sutkamp 0-0: Ball
1-0: Ball
2-0: Foul Ball, location: 2F
2-1: DOUBLE (Flyball, 89D)
Batting: SHB Juan Rivas 0-0: Ball
1-0: 2-RUN HOME RUN (Flyball, 9LD), Distance : 353 ft
Batting: RHB Ethan Miller 0-0: Ball
1-0: Foul Ball, location: 2F
1-1: Ball
2-1: Ball
3-1: Foul Ball, location: 2F
3-2: Foul Ball, location: 2F
3-2: Ground out 1-3 (Groundball, 15)
Batting: RHB Vincent Crane 0-0: Ball
1-0: Foul Ball, location: 2F
1-1: Foul Ball, location: 2F
1-2: Ball
2-2: Strikes out looking
Batting: LHB Ki-tak Im 0-0: Called Strike
0-1: Ball
1-1: Ground out 6-3 (Groundball, 6)
Bottom of the 5th over - 2 runs, 2 hits, 0 errors, 0 left on base; Phoenix 2 - Brooklyn 2
TOP OF THE 6TH
Phoenix Hotspur batting - Pitching for Brooklyn Dodgers : RHP Jesús Acosta
Batting: LHB Francisco García 0-0: Ground out 4-3 (Groundball, 4)
Batting: LHB Mario Cruz 0-0: Called Strike
0-1: Ball
1-1: Ball
2-1: Foul Ball, location: 2F
2-2: Fly out, F4 (Popup, 4)
Batting: RHB Randy Rehling 0-0: Swinging Strike
0-1: Fly out, F9 (Flyball, 9LM)
Top of the 6th over - 0 runs, 0 hits, 0 errors, 0 left on base; Phoenix 2 - Brooklyn 2
BOTTOM OF THE 6TH
Brooklyn Dodgers batting - Pitching for Phoenix Hotspur : RHP Jaime van de Weideven
Batting: LHB Mysterious Walker 0-0: Ball
1-0: Ball
2-0: Foul Ball, location: 2F
2-1: Swinging Strike
2-2: Ball
3-2: Ground out 4-3 (Groundball, 4)
Batting: LHB Jérôme Masson 0-0: Ball
1-0: Ball
2-0: Swinging Strike
2-1: Swinging Strike
2-2: Ball
3-2: Foul Ball, location: 2F
3-2: Foul Ball, location: 2F
3-2: Fly out, F9 (Flyball, 9S)
Batting: LHB Manuel Carmona 0-0: Foul Ball, location: 2F
0-1: Foul Ball, location: 2F
0-2: Fly out, F9 (Line Drive, 9D)
Bottom of the 6th over - 0 runs, 0 hits, 0 errors, 0 left on base; Phoenix 2 - Brooklyn 2
TOP OF THE 7TH
Phoenix Hotspur batting - Pitching for Brooklyn Dodgers : RHP Jesús Acosta
Batting: LHB Wagaw Lukongolo 0-0: Called Strike
0-1: Called Strike
0-2: Ball
1-2: Foul Ball, location: 2F
1-2: Ball
2-2: Strikes out looking
Batting: RHB Ted Cook 0-0: Swinging Strike
0-1: Foul Ball, location: 2F
0-2: Ball
1-2: Foul Ball, location: 2F
1-2: Strikes out swinging
Batting: LHB Shojiro Ueda 0-0: Ball
1-0: SINGLE (Flyball, 78M)
Batting: RHB Pierre Bernard 0-0: Called Strike
0-1: Ball
1-1: Ground out 1-3 (Groundball, 13S)
Top of the 7th over - 0 runs, 1 hit, 0 errors, 1 left on base; Phoenix 2 - Brooklyn 2
BOTTOM OF THE 7TH
Brooklyn Dodgers batting - Pitching for Phoenix Hotspur : RHP Jaime van de Weideven
Batting: RHB Brent Ryan 0-0: Ball
1-0: Ball
2-0: SINGLE (Flyball, 7LS)
Batting: RHB Ulbert Sutkamp 0-0: Called Strike
0-1: Bunted foul
0-2: Ball
1-2: 2-RUN HOME RUN (Flyball, 8LXD), Distance : 437 ft
Batting: SHB Juan Rivas 0-0: Ball
1-0: SINGLE (Flyball, 9S)
Batting: RHB Ethan Miller 0-0: Ball
1-0: Grounds into double play, 6-4-3 (Groundball, 6)
Batting: RHB Vincent Crane 0-0: Called Strike
0-1: Swinging Strike
0-2: Hit by Pitch
Batting: LHB Ki-tak Im 0-0: 2-RUN HOME RUN (Flyball, 9D), Distance : 375 ft
Pitching: RHP Scott William
Batting: LHB Mysterious Walker 0-0: Ball
1-0: Called Strike
1-1: Swinging Strike
1-2: Ball
2-2: DOUBLE (Line Drive, 8RXD)
Batting: LHB Jérôme Masson 0-0: Swinging Strike
0-1: Ball
1-1: Foul Ball, location: 2F
1-2: Ball
2-2: Ball
3-2: Strikes out swinging
Bottom of the 7th over - 4 runs, 5 hits, 0 errors, 1 left on base; Phoenix 2 - Brooklyn 6
TOP OF THE 8TH
Phoenix Hotspur batting - Pitching for Brooklyn Dodgers : RHP Jesús Acosta
Batting: RHB Roland Deschain 0-0: Called Strike
0-1: Ball
1-1: Fly out, F7 (Flyball, 78S)
Batting: RHB Kyle Bywaters 0-0: Called Strike
0-1: Ball
1-1: Ball
2-1: Ball
3-1: Ground out 6-3 (Groundball, 56)
Batting: LHB Francisco García 0-0: SINGLE (Line Drive, 78M)
Pitching: RHP Luis Bejarano
Batting: LHB Mario Cruz 0-0: Ball
1-0: Reached on error, E4 (Groundball, 4)
Francisco García to second
Batting: RHB Randy Rehling 0-0: Ball
1-0: Called Strike
1-1: Foul Ball, location: 2F
1-2: Strikes out looking
Top of the 8th over - 0 runs, 1 hit, 1 error, 2 left on base; Phoenix 2 - Brooklyn 6
BOTTOM OF THE 8TH
Brooklyn Dodgers batting - Pitching for Phoenix Hotspur : RHP Scott William
Batting: LHB Manuel Carmona 0-0: SOLO HOME RUN (Line Drive, 9D), Distance : 434 ft
Batting: RHB Brent Ryan 0-0: Called Strike
0-1: Foul Ball, location: 2F
0-2: Ball
1-2: Fly out, F8 (Flyball, 8LXD)
Batting: RHB Ulbert Sutkamp 0-0: Ball
1-0: Called Strike
1-1: Called Strike
1-2: SINGLE (Line Drive, 9S)
Batting: SHB Juan Rivas 0-0: Called Strike
0-1: Foul Ball, location: 2F
0-2: Ball
1-2: Ball
2-2: SINGLE (Line Drive, 6MD)
Ulbert Sutkamp to second
Runner from 2nd tries for 3rd, SAFE, throw made to third
Batting: RHB Ethan Miller 0-0: Ball
1-0: Called Strike
1-1: Foul Ball, location: 2F
1-2: Ball
2-2: Ball
3-2: Base on Balls
Juan Rivas to second
Batting: RHB Vincent Crane 0-0: Ball
1-0: Swinging Strike
1-1: Ball
2-1: SINGLE (Groundball, 34D)
Ulbert Sutkamp scores
Juan Rivas to third
Ethan Miller to second
Runner from 3rd tries for Home, SAFE, no throw
Batting: LHB Ki-tak Im 0-0: Ball
1-0: Foul Ball, location: 2F
1-1: Ball
2-1: Ball
3-1: Swinging Strike
3-2: Base on Balls
Ethan Miller to third
Vincent Crane to second
Batting: LHB Mysterious Walker 0-0: Called Strike
0-1: Called Strike
0-2: Ball
1-2: Fly out, F9 (Flyball, 89S)
Runner from 3rd tags up, SCORES, no throw
Batting: LHB Jérôme Masson 0-0: Foul Ball, location: 2F
0-1: Ball
1-1: Ground out 4-3 (Groundball, 4S)
Bottom of the 8th over - 4 runs, 4 hits, 0 errors, 2 left on base; Phoenix 2 - Brooklyn 10
TOP OF THE 9TH
Phoenix Hotspur batting - Pitching for Brooklyn Dodgers : RHP Luis Bejarano
Batting: LHB Wagaw Lukongolo 0-0: Called Strike
0-1: Fly out, F7 (Flyball, 7S)
Batting: RHB Ted Cook 0-0: Foul Ball, location: 2F
0-1: Foul Ball, location: 2F
0-2: Ball
1-2: Ball
2-2: Foul Ball, location: 2F
2-2: Strikes out looking
Batting: LHB Shojiro Ueda 0-0: Ball
1-0: Ball
2-0: Ball
3-0: Base on Balls
Batting: RHB Pierre Bernard 0-0: Ball
1-0: Called Strike
1-1: Ball
2-1: Foul Ball, location: 2F
2-2: Ball
3-2: Foul Ball, location: 2F
3-2: Fly out, F7 (Flyball, 78M)
Top of the 9th over - 0 runs, 0 hits, 0 errors, 1 left on base; Phoenix 2 - Brooklyn 10
Tuesday, December 19th, 2017 - OOTP Baseball 18.8 Build 76